AoeStats
← m07med.3yed

Nomad

509968769Analyzed
3v3 RM · 3d ago on Sep 28, 2026· 44m 49s· 6 players
Game mode
Random Map
Map size
210×210
Population
200
Speed
Normal
Resources
Standard
Victory
Conquest
Starting age
Dark Age
Ending age
Imperial Age
RankedLock teamsTeams togetherTeam positionsShared explorationLock speedFull tech treeHidden civsTurbo modeCheats
Victory
Defeat
🇬🇷 Bohemians · Greece
665
+13
🇧🇷 Romans · Brazil
569
+17
🇧🇷 Wu · Brazil
488
+20
🇷🇺 Spanish · Russia
597
-17
🇹🇷 Malay · Türkiye
588
-17
🇵🇸 Huns · Palestinian Territories
580
-16
Anubis
7:14 Loom
19:12 Feudal Age
25:52 Castle Age
31:49 Horse Collar
33:50 Fortified Wall
34:42 Double-Bit Axe
41:19 Husbandry
41:29 Bloodlines
40:40 Light Cavalry
41:46 Heavy Plow
41:57 Bow Saw
45:58 Imperial Age
44:07 Wheelbarrow
hawyak12
5:47 Loom
22:13 Feudal Age
22:42 Wheelbarrow
21:53 Town Watch
23:52 Fishing Lines
24:43 Gold Mining
24:44 Stone Mining
27:46 Arson
31:40 Castle Age
32:58 Double-Bit Axe
34:51 Demolition Ship
35:27 Gillnets
37:52 Demolition Ship
38:43 Medium Warships
39:30 Town Patrol
40:32 Thalassocracy
42:21 Hand Cart
42:47 Forging
42:28 Fletching
42:38 Padded Archer Armor
45:26 Scale Barding Armor
45:37 Leather Archer Armor
m07med.3yed
5:45 Loom
20:01 Feudal Age
21:23 Town Watch
23:16 Wheelbarrow
23:35 Double-Bit Axe
29:43 Castle Age
31:43 Bow Saw
34:03 Town Patrol
44:11 Hand Cart
Med
5:23 Loom
6:41 Loom
17:23 Feudal Age
17:57 Town Watch
18:22 Double-Bit Axe
20:07 Fishing Lines
21:13 Gold Mining
26:25 Castle Age
24:44 Stone Mining
25:48 Bloodlines
27:32 Squires
27:36 Husbandry
29:50 Wheelbarrow
30:00 Bow Saw
30:31 Gold Shaft Mining
31:22 Crossbowman
32:01 Pikeman
32:36 Gillnets
33:24 Horse Collar
34:24 Heavy Plow
34:20 Light Cavalry
35:17 Medium Warships
36:18 Hand Cart
36:09 Town Patrol
36:18 Caravan
37:27 Careening
37:28 Clinker Construction
41:53 Imperial Age
42:37 Scale Barding Armor
42:33 Scale Mail Armor
42:44 Forging
42:25 Fletching
42:35 Padded Archer Armor
42:00 Heavy Scorpion
43:21 Conscription
Wendell, O Malakoi
3:37 Loom
16:11 Feudal Age
16:46 Double-Bit Axe
16:44 Horse Collar
21:01 Forging
20:51 Scale Mail Armor
20:57 Scale Barding Armor
20:53 Padded Archer Armor
20:43 Fletching
22:12 Wheelbarrow
21:26 Town Watch
26:21 Castle Age
27:39 Heavy Plow
28:04 Chain Mail Armor
28:25 Iron Casting
27:15 Demolition Ship
28:06 Medium Warships
28:06 Stone Mining
29:14 Light Cavalry
31:50 Husbandry
34:40 Hand Cart
38:46 Masonry
38:17 Treadmill Crane
38:27 Heated Shot
38:58 Ballistics
38:35 Murder Holes
38:47 Siphons
38:52 Clinker Construction
38:33 Guard Tower
38:06 Man-at-Arms
38:46 Squires
38:50 Gold Mining
40:03 Bow Saw
41:41 Bloodlines
45:48 Imperial Age
savvas1987
18:27 Feudal Age
23:08 Castle Age
29:48 Chemistry
35:59 Imperial Age
38:19 Elite Cannon Galleon
44:32 Elite Hussite Wagon
Connection lost

Rejoining the realm…

Still unreachable

The connection could not be restored.

Session expired

The server has moved on; the page needs a fresh start.